TOP OF THE 1ST |
St. Louis Browns batting - Pitching for Austin River Sharks : RHP Takahiro Sakei
|
Pitching: RHP Takahiro Sakei
|
|
Batting: SHB Ryobe Yamamoto
|
0-0: SINGLE (Groundball, 6M)
|
Batting: LHB Mike Hill
|
0-0: Ball 1-0: Ball 2-0: Foul Ball, location: 2F 2-1: Called Strike 2-2: 2-RUN HOME RUN (Line Drive, 9LD), Distance : 377 ft
|
Batting: LHB Stan Hickman
|
0-0: Called Strike 0-1: Fly out, F6 (Popup, 6)
|
Batting: LHB Clinton Clark
|
0-0: Called Strike 0-1: Swinging Strike 0-2: Ball 1-2: Foul Ball, location: 2F 1-2: Ball 2-2: Ground out 5-3 (Groundball, 5S)
|
Batting: LHB Jorge Torres
|
0-0: Ball 1-0: Ball 2-0: Fly out, F2 (Popup, 25F)
|
Top of the 1st over - 2 run(s), 2 hit(s), 0 error(s), 0 left on base; St. Louis 2 - Austin 0 |
BOTTOM OF THE 1ST |
Austin River Sharks batting - Pitching for St. Louis Browns : LHP Luis Noriega
|
Pitching: LHP Luis Noriega
|
|
Batting: RHB Tyler Wagner
|
0-0: Ball 1-0: Foul Ball, location: 2F 1-1: Ball 2-1: Ball 3-1: Ground out 5-3 (Groundball, 56S)
|
Batting: RHB Orlando Bruno
|
0-0: Called Strike 0-1: Foul Ball, location: 2F 0-2: Strikes out swinging
|
Batting: RHB Kenneth Roberts
|
0-0: Ball 1-0: Ball 2-0: Called Strike 2-1: SINGLE (Line Drive, 6D)
|
Batting: SHB Juan Castro
|
0-0: Fly out, F7 (Flyball, 8LXD)
|
Bottom of the 1st over - 0 run(s), 1 hit(s), 0 error(s), 1 left on base; St. Louis 2 - Austin 0 |
TOP OF THE 2ND |
St. Louis Browns batting - Pitching for Austin River Sharks : RHP Takahiro Sakei
|
Batting: LHB Junior Coates
|
0-0: Ball 1-0: Foul Ball, location: 2F 1-1: Fly out, F5 (Popup, 5L)
|
Batting: LHB Víctor Hernández
|
0-0: Swinging Strike 0-1: Swinging Strike 0-2: Strikes out swinging
|
Batting: RHB Carlos Alfaro
|
0-0: Foul Ball, location: 2F 0-1: Swinging Strike 0-2: Fly out, F8 (Flyball, 89M)
|
Top of the 2nd over - 0 run(s), 0 hit(s), 0 error(s), 0 left on base; St. Louis 2 - Austin 0 |
BOTTOM OF THE 2ND |
Austin River Sharks batting - Pitching for St. Louis Browns : LHP Luis Noriega
|
Batting: LHB Pedro Zaragoza
|
0-0: Ground out 4-3 (Groundball, 4M)
|
Batting: RHB Carlos Guzmán
|
0-0: Called Strike 0-1: Foul Ball, location: 2F 0-2: Foul Ball, location: 2F 0-2: Ball 1-2: Ball 2-2: Foul Ball, location: 2F 2-2: Ground out 4-3 (Groundball, 4)
|
Batting: LHB Miguel Colón
|
0-0: Ball 1-0: Ball 2-0: Ball 3-0: Fly out, F9 (Flyball, 89D)
|
Bottom of the 2nd over - 0 run(s), 0 hit(s), 0 error(s), 0 left on base; St. Louis 2 - Austin 0 |
TOP OF THE 3RD |
St. Louis Browns batting - Pitching for Austin River Sharks : RHP Takahiro Sakei
|
Batting: RHB Mario Rosales
|
0-0: Foul Ball, location: 2F 0-1: SINGLE (Groundball, 6MD)
|
Batting: SHB Ryobe Yamamoto
|
0-0: Foul Ball, location: 2F 0-1: Ball 1-1: Fly out, F3 (Popup, 4S)
|
Batting: LHB Mike Hill
|
0-0: Ball 1-0: Swinging Strike 1-1: Ball 2-1: Foul Ball, location: 2F 2-2: Foul Ball, location: 2F 2-2: 2-RUN HOME RUN (Flyball, 9D), Distance : 396 ft
|
Batting: LHB Stan Hickman
|
0-0: Called Strike 0-1: Foul Ball, location: 2F 0-2: Ball 1-2: Ground out U3 (Groundball, 3L)
|
Batting: LHB Clinton Clark
|
0-0: Foul Ball, location: 2F 0-1: SOLO HOME RUN (Flyball, 7D), Distance : 398 ft
|
Batting: LHB Jorge Torres
|
0-0: Ball 1-0: Foul Ball, location: 2F 1-1: Swinging Strike 1-2: Fly out, F7 (Flyball, 7S)
|
Top of the 3rd over - 3 run(s), 3 hit(s), 0 error(s), 0 left on base; St. Louis 5 - Austin 0 |
BOTTOM OF THE 3RD |
Austin River Sharks batting - Pitching for St. Louis Browns : LHP Luis Noriega
|
Batting: LHB Bruno Lalonde
|
0-0: Foul Ball, location: 2F 0-1: Ball 1-1: Swinging Strike 1-2: Ball 2-2: Ball 3-2: Fly out, F8 (Flyball, 8LD)
|
Batting: SHB John Miller
|
0-0: Called Strike 0-1: Ball 1-1: Foul Ball, location: 2F 1-2: Ball 2-2: Foul Ball, location: 2F 2-2: Fly out, F9 (Flyball, 9D)
|
Batting: RHB Tyler Wagner
|
0-0: Ball 1-0: Swinging Strike 1-1: Ball 2-1: SINGLE (Flyball, 8LS)
|
Batting: RHB Orlando Bruno
|
0-0: Ball 1-0: Ball 2-0: Fielders Choice at 2nd, U4 (Groundball, 4M)
|
Bottom of the 3rd over - 0 run(s), 1 hit(s), 0 error(s), 1 left on base; St. Louis 5 - Austin 0 |
TOP OF THE 4TH |
St. Louis Browns batting - Pitching for Austin River Sharks : RHP Takahiro Sakei
|
Batting: LHB Junior Coates
|
0-0: Ball 1-0: Called Strike 1-1: Foul Ball, location: 2F 1-2: Ball 2-2: Foul Ball, location: 2F 2-2: Strikes out swinging
|
Batting: LHB Víctor Hernández
|
0-0: Ball 1-0: Ground out 4-3 (Groundball, 4)
|
Batting: RHB Carlos Alfaro
|
0-0: Ball 1-0: Called Strike 1-1: Ball 2-1: Foul Ball, location: 2F 2-2: Foul Ball, location: 2F 2-2: Hit by Pitch
|
Batting: RHB Mario Rosales
|
0-0: Ball Pickoff Throw by Catcher to First - Error! E2 Carlos Alfaro to second 1-0: Called Strike 1-1: Ball 2-1: Fly out, F4 (Popup, 34)
|
Top of the 4th over - 0 run(s), 0 hit(s), 1 error(s), 1 left on base; St. Louis 5 - Austin 0 |
BOTTOM OF THE 4TH |
Austin River Sharks batting - Pitching for St. Louis Browns : LHP Luis Noriega
|
Batting: RHB Kenneth Roberts
|
0-0: Called Strike 0-1: Swinging Strike 0-2: Strikes out swinging
|
Batting: SHB Juan Castro
|
0-0: Called Strike 0-1: Ground out 1-3 (Groundball, 13)
|
Batting: LHB Pedro Zaragoza
|
0-0: Foul Ball, location: 2F 0-1: Ball 1-1: Ball 2-1: SINGLE (Groundball, 34D)
|
Batting: RHB Carlos Guzmán
|
0-0: Foul Ball, location: 2F 0-1: Called Strike 0-2: Ball 1-2: Ball 2-2: Strikes out looking
|
Bottom of the 4th over - 0 run(s), 1 hit(s), 0 error(s), 1 left on base; St. Louis 5 - Austin 0 |
TOP OF THE 5TH |
St. Louis Browns batting - Pitching for Austin River Sharks : RHP Takahiro Sakei
|
Batting: SHB Ryobe Yamamoto
|
0-0: Ball 1-0: Fly out, F8 (Flyball, 8LXD)
|
Batting: LHB Mike Hill
|
0-0: Ball 1-0: Ball 2-0: Fly out, F7 (Line Drive, 7S)
|
Batting: LHB Stan Hickman
|
0-0: Foul Ball, location: 2F 0-1: Swinging Strike 0-2: Ball 1-2: Foul Ball, location: 2F 1-2: Ball 2-2: Ball 3-2: Foul Ball, location: 2F 3-2: SINGLE (Line Drive, 89S)
|
Batting: LHB Clinton Clark
|
0-0: Fly out, F7 (Flyball, 7LM)
|
Top of the 5th over - 0 run(s), 1 hit(s), 0 error(s), 1 left on base; St. Louis 5 - Austin 0 |
BOTTOM OF THE 5TH |
Austin River Sharks batting - Pitching for St. Louis Browns : LHP Luis Noriega
|
Batting: LHB Miguel Colón
|
0-0: Ball 1-0: Called Strike 1-1: Fly out, F5 (Popup, 5F)
|
Batting: LHB Bruno Lalonde
|
0-0: Ball 1-0: Foul Ball, location: 2F 1-1: Ball 2-1: Ball 3-1: Base on Balls
|
Batting: SHB John Miller
|
0-0: Ball 1-0: Fly out, F9 (Flyball, 9M)
|
Batting: RHB Tyler Wagner
|
0-0: Ball Bruno Lalonde steals 2nd base 1-0: Ball 2-0: Called Strike 2-1: Swinging Strike 2-2: Ball 3-2: Ground out 5-3 (Groundball, 5)
|
Bottom of the 5th over - 0 run(s), 0 hit(s), 0 error(s), 1 left on base; St. Louis 5 - Austin 0 |
TOP OF THE 6TH |
St. Louis Browns batting - Pitching for Austin River Sharks : RHP Takahiro Sakei
|
Batting: LHB Jorge Torres
|
0-0: Called Strike 0-1: Swinging Strike 0-2: Foul Ball, location: 2F 0-2: DOUBLE (Line Drive, 8RS) - OUT at third base trying to stretch hit.
|
Batting: LHB Junior Coates
|
0-0: Foul Ball, location: 2F 0-1: Foul Ball, location: 2F 0-2: Ball 1-2: Ball 2-2: Fly out, F8 (Flyball, 8LM)
|
Batting: LHB Víctor Hernández
|
0-0: Called Strike 0-1: Ground out 3-1 (Groundball, 34S)
|
Top of the 6th over - 0 run(s), 1 hit(s), 0 error(s), 0 left on base; St. Louis 5 - Austin 0 |
TOP OF THE 7TH |
St. Louis Browns batting - Pitching for Austin River Sharks : RHP Takahiro Sakei
|
Pitching: RHP Tatsuzo Harada
|
|
Batting: RHB Carlos Alfaro
|
0-0: Ball 1-0: Swinging Strike 1-1: Ball 2-1: Called Strike 2-2: Ball 3-2: Ground out 6-3 (Groundball, 6)
|
Batting: RHB Mario Rosales
|
0-0: Ball 1-0: Foul Ball, location: 2F 1-1: DOUBLE (Line Drive, 5D)
|
Batting: SHB Ryobe Yamamoto
|
0-0: Called Strike 0-1: Ground out 4-3 (Groundball, 4) Mario Rosales to third
|
Batting: LHB Mike Hill
|
0-0: Ball 1-0: Ball 2-0: Called Strike 2-1: Ball 3-1: Base on Balls
|
Batting: LHB Stan Hickman
|
0-0: Ball 1-0: Ball 2-0: Ball 3-0: Called Strike 3-1: Foul Ball, location: 2F 3-2: Base on Balls Mike Hill to second
|
Batting: LHB Clinton Clark
|
0-0: Ground out 4-3 (Groundball, 4)
|
Top of the 7th over - 0 run(s), 1 hit(s), 0 error(s), 3 left on base; St. Louis 5 - Austin 1 |
BOTTOM OF THE 7TH |
Austin River Sharks batting - Pitching for St. Louis Browns : LHP Luis Noriega
|
Pitching: RHP Ramón Silva
|
|
Batting: LHB Miguel Colón
|
0-0: Foul Ball, location: 2F 0-1: Called Strike 0-2: Ball 1-2: Ball 2-2: Ball 3-2: Ground out 6-3 (Groundball, 6)
|
Batting: LHB Bruno Lalonde
|
0-0: Foul Ball, location: 2F 0-1: Ball 1-1: Swinging Strike 1-2: Ball 2-2: Ball 3-2: Foul Ball, location: 2F 3-2: Strikes out swinging
|
Batting: SHB John Miller
|
0-0: Called Strike 0-1: Fly out, F7 (Flyball, 7M)
|
Bottom of the 7th over - 0 run(s), 0 hit(s), 0 error(s), 0 left on base; St. Louis 5 - Austin 1 |
TOP OF THE 8TH |
St. Louis Browns batting - Pitching for Austin River Sharks : RHP Tatsuzo Harada
|
Batting: LHB Jorge Torres
|
0-0: Swinging Strike 0-1: Ball 1-1: Fly out, F9 (Flyball, 89XD)
|
Now in RF: Ingo Backx
|
|
Batting: LHB Junior Coates
|
0-0: Called Strike 0-1: Swinging Strike 0-2: Foul Ball, location: 2F 0-2: Strikes out swinging
|
Batting: LHB Víctor Hernández
|
0-0: Called Strike 0-1: Ball 1-1: Called Strike 1-2: Ground out U3 (Groundball, 3)
|
Top of the 8th over - 0 run(s), 0 hit(s), 0 error(s), 0 left on base; St. Louis 5 - Austin 1 |
BOTTOM OF THE 8TH |
Austin River Sharks batting - Pitching for St. Louis Browns : RHP Ramón Silva
|
Batting: RHB Tyler Wagner
|
0-0: Foul Ball, location: 2F 0-1: Swinging Strike 0-2: Strikes out swinging
|
Batting: RHB Orlando Bruno
|
0-0: Called Strike 0-1: Ball 1-1: Foul Ball, location: 2F 1-2: Strikes out swinging
|
Batting: RHB Kenneth Roberts
|
0-0: Foul Ball, location: 2F 0-1: Ball 1-1: Swinging Strike 1-2: Ball 2-2: Ball 3-2: Base on Balls
|
Pitching: LHP Miguel Martínez
|
|
Batting: SHB Juan Castro
|
0-0: Called Strike 0-1: Foul Ball, location: 2F 0-2: Ball 1-2: Foul Ball, location: 2F 1-2: SINGLE (Groundball, 6MD) Kenneth Roberts to second Runner from 2nd tries for 3rd, SAFE, no throw or cutoff
|
Pitching: RHP Beau Brown
|
|
Batting: RHB Ingo Backx
|
0-0: Called Strike 0-1: Ball 1-1: SINGLE (Line Drive, 56) Kenneth Roberts scores Juan Castro to second
|
Batting: RHB Carlos Guzmán
|
0-0: Ball 1-0: Called Strike 1-1: Swinging Strike 1-2: Foul Ball, location: 2F 1-2: Ball 2-2: Ball 3-2: Fly out, F8 (Flyball, 78D)
|
Bottom of the 8th over - 1 run(s), 2 hit(s), 0 error(s), 2 left on base; St. Louis 5 - Austin 2 |
TOP OF THE 9TH |
St. Louis Browns batting - Pitching for Austin River Sharks : RHP Tatsuzo Harada
|
Batting: RHB Carlos Alfaro
|
0-0: Ball 1-0: Foul Ball, location: 2F 1-1: Swinging Strike 1-2: Strikes out swinging
|
Batting: RHB Mario Rosales
|
0-0: Called Strike 0-1: Ball 1-1: Called Strike 1-2: Foul Ball, location: 2F 1-2: Ball 2-2: Foul Ball, location: 2F 2-2: Foul Ball, location: 2F 2-2: Foul Ball, location: 2F 2-2: Foul Ball, location: 2F 2-2: Strikes out swinging
|
Pitching: RHP Ramón Estrada
|
|
Batting: SHB Ryobe Yamamoto
|
0-0: Foul Ball, location: 2F 0-1: Called Strike 0-2: Ground out 5-3 (Groundball, 5L)
|
Top of the 9th over - 0 run(s), 0 hit(s), 0 error(s), 0 left on base; St. Louis 5 - Austin 2 |
BOTTOM OF THE 9TH |
Austin River Sharks batting - Pitching for St. Louis Browns : RHP Beau Brown
|
Pitching: LHP Brent Miller
|
|
Batting: LHB Miguel Colón
|
0-0: Swinging Strike 0-1: Ball 1-1: Ball 2-1: Foul Ball, location: 2F 2-2: Ball 3-2: Strikes out swinging, 2-3 out at first.
|
Batting: LHB Bruno Lalonde
|
0-0: Ground out 6-3 (Groundball, 6)
|
Batting: SHB John Miller
|
0-0: Ball 1-0: Ball 2-0: Ball 3-0: Called Strike 3-1: Fly out, F8 (Flyball, 8LM)
|
Bottom of the 9th over - 0 run(s), 0 hit(s), 0 error(s), 0 left on base; St. Louis 5 - Austin 2 |
|